Connexion

Thunderbirds vs Americans

Created - 3 août 2023 at 07:31

Goals
1 2 3 T
Thunderbirds 0 2 2 4
Americans 1 1 0 2
Shots
1 2 3 T
Thunderbirds 6 4 7 17
Americans 13 18 13 44

GoalsPenalties
1st period
1. Americans , Sean Malone 2 (Riley Tufte 2, Patrick Brown 1) at 19:46
Andrew Peeke (POR) for Holding (Minor) at 3:49
Noel Acciari (SPR) for Holding Stick (Minor) at 13:56
2nd period
2. Thunderbirds , Michael Chaput 1 (Logan O'Connor 2, Aaron Harstad 2) at 5:13
3. Americans , Cameron Hughes 2 (Matt Lorito 1, Reid Duke 1) at 10:00
4. Thunderbirds , Alex Belzile 2 (Alex Peters 1) at 11:09
Kyle Okposo (POR) for Fighting (Major) at 1:06
Ryan Lomberg (SPR) for Fighting (Major) at 1:06
Ryan Lomberg (SPR) for Cross-checking (Minor) at 18:16
3rd period
5. Thunderbirds , Stefan Noesen 2 (C.J. Smith 4, Noel Acciari 3) at 6:08
6. Thunderbirds , Stefan Noesen 3 (Stuart Percy 1, Alex Peters 2) at 7:24
Alex Peters (SPR) for Hooking (Minor) at 11:08
Chris Wideman (SPR) for Hooking (Minor) at 16:02
Goalie Stats
Andrew D'Agostini (SPR), 42 saves from 44 shots - (0,955), W, 3-0-0, 60:00 minutes
Pat Nagle (POR), 4 saves from 4 shots - (1,000), 12:36 minutes
Alex Starlock (POR), 9 saves from 13 shots - (0,692), L, 0-2-0, 47:24 minutes
3 StarsOfficial
1 - Stefan Noesen (SPR)
2 - Andrew D'Agostini (SPR)
3 - Alex Peters (SPR)
Referees : Dean Morton and Don Koharski
Linesman : Mark Wheler and Brad Kovachik
Game Note
Ryan Lomberg beats up Kyle Okposo at 1:06 of 2nd period
Pat Nagle enters game at 7:24 of 3rd period
Finance
Level 1 -- Attendance: 2000 (100,00%) -- Ticket Income 64 000 $
Level 2 -- Attendance: 819 (81,90%) -- Ticket Income 16 380 $
Total Attendance: 2819 (93,97%)
Total Ticket Income: 80 380 $
Other Income: 16 076 $
Total Income: 96 456 $



Team Name Goals Shots Shots Attemp Shots Blocked PIM HIT PP PK FO%
Thunderbirds 417391113190 / 1 (0%)048%
Americans 2448457310 / 4 (0%)052%

Thunderbirds
Player Name POS G A P +/- PIM HIT SHT SB MP PP MP PP SHT PK MP PK SHT FO% FOT
Aaron HarstadD0110010015:090:0000:4400% 0
Alex BelzileC/RW1011001020:430:4401:50033% 21
Alex PetersD0222221219:350:4401:3900% 0
Austin PoganskiRW0001002019:190:0001:10050% 4
C.J. SmithLW0111011017:451:1510:0000% 2
Chris WidemanD0000243623:091:1523:2800% 0
Felix GirardC000000000:000:0000:0000% 0
Libor SulakD0000030024:121:1505:0600% 0
Logan O'ConnorRW0110010016:210:4401:5000% 0
Lucas ElvenesC000000001:460:0000:0000% 0
Michael ChaputC/LW1010022014:480:0001:01033% 18
Noel AcciariC/RW0111223023:351:1504:12167% 21
Nolan VeseyLW/RW0000001014:300:0000:4300% 1
Ryan LombergLW0001720017:130:4400:0800% 0
Sergei BoikovD0000011016:170:0001:1600% 0
Stefan NoesenRW2021002124:221:1504:58060% 15
Stelio MattheosC/RW000000001:390:0000:000100% 2
Stuart PercyD0112000221:360:4403:3900% 0
Americans
Player Name POS G A P +/- PIM HIT SHT SB MP PP MP PP SHT PK MP PK SHT FO% FOT
Andrew PeekeD0000240021:354:1900:0000% 0
Cameron HughesC/LW1010023018:533:2400:0000% 2
Cole HultsD000-2020115:090:0000:0000% 0
Connor CarrickD0000012122:454:1921:0900% 0
Ethan ProwD0000001122:473:3711:3100% 0
John GilmourD000-2011015:370:0000:2800% 0
Kyle OkposoC/RW0000513011:040:0000:00067% 6
Kyle RauC/LW/RW0000031012:250:0000:000100% 1
Matt LoritoLW/RW0110055118:533:2420:000100% 1
Patrick BrownC/RW011-100107:510:0000:000100% 2
Reid DukeC0110015019:483:2420:55054% 26
Riley TufteLW011-100106:310:0000:000100% 1
Robbie RussoD0000023122:063:3720:5000% 0
Ross JohnstonLW000-1073021:164:3201:04050% 2
Sam AnasC/RW0000013012:250:0000:0000% 0
Sean MaloneC101-101206:310:0000:00020% 5
Tanner Fritz C/LW/RW000-1003021:164:3201:04051% 37
Turner ElsonC/LW/RW000-1007021:074:3230:5500% 1



Play-by-Play

1st period


0:01 of 1st period - Noel Acciari wins face-off versus Tanner Fritz in neutral zone.
0:01 of 1st period - Chris Wideman is hit by Ross Johnston and loses puck.
0:08 of 1st period - Shot by Turner Elson.
0:08 of 1st period - Stopped by Andrew D'Agostini without a rebound.
0:09 of 1st period - Alex Belzile wins face-off versus Reid Duke in Thunderbirds zone.
0:45 of 1st period - Shot by Reid Duke.
0:45 of 1st period - Shot Misses the Net.
0:47 of 1st period - Shot by Cameron Hughes.
0:47 of 1st period - Shot Misses the Net.
0:49 of 1st period - Shot by Ethan Prow.
0:49 of 1st period - Shot Blocked by Alex Peters.
1:11 of 1st period - Shot by Turner Elson.
1:11 of 1st period - Stopped by Andrew D'Agostini without a rebound.
1:12 of 1st period - Kyle Okposo wins face-off versus Michael Chaput in Thunderbirds zone.
2:43 of 1st period - Icing by Cole Hults.
2:44 of 1st period - Kyle Rau wins face-off versus Austin Poganski in Americans zone.
2:44 of 1st period - Kyle Rau is hit by Ryan Lomberg.
3:18 of 1st period - Stuart Percy is hit by Andrew Peeke and loses puck.
3:30 of 1st period - Icing by Andrew Peeke.
3:31 of 1st period - Tanner Fritz wins face-off versus Michael Chaput in Americans zone.
3:47 of 1st period - Turner Elson is hit by Michael Chaput and loses puck.
3:49 of 1st period - Minor Penalty to Andrew Peeke for Holding.
3:50 of 1st period - Noel Acciari wins face-off versus Tanner Fritz in Americans zone.
3:53 of 1st period - Shot by C.J. Smith.
3:53 of 1st period - Stopped by Alex Starlock without a rebound.
3:54 of 1st period - Tanner Fritz wins face-off versus Noel Acciari in Americans zone.
4:08 of 1st period - Icing by Chris Wideman.
4:09 of 1st period - Tanner Fritz wins face-off versus Noel Acciari in Thunderbirds zone.
4:38 of 1st period - Shot by Chris Wideman.
4:38 of 1st period - Stopped by Alex Starlock without a rebound.
4:39 of 1st period - Tanner Fritz wins face-off versus Alex Belzile in Americans zone.
4:50 of 1st period - Shot by Stuart Percy.
4:50 of 1st period - Shot Misses the Net.
5:46 of 1st period - Shot by Chris Wideman.
5:46 of 1st period - Stopped by Alex Starlock without a rebound.
5:47 of 1st period - Noel Acciari wins face-off versus Tanner Fritz in Americans zone.
5:56 of 1st period - Shot by Michael Chaput.
5:56 of 1st period - Stopped by Alex Starlock without a rebound.
5:57 of 1st period - Riley Tufte wins face-off versus Michael Chaput in Americans zone.
6:24 of 1st period - Aaron Harstad is hit by Cole Hults and loses puck.
6:33 of 1st period - Shot by Sergei Boikov.
6:33 of 1st period - Stopped by Alex Starlock without a rebound.
6:34 of 1st period - Tanner Fritz wins face-off versus Stefan Noesen in Americans zone.
7:05 of 1st period - Shot by Ross Johnston.
7:05 of 1st period - Stopped by Andrew D'Agostini without a rebound.
7:06 of 1st period - Alex Belzile wins face-off versus Reid Duke in Thunderbirds zone.
7:06 of 1st period - Alex Belzile is hit by Cameron Hughes.
8:36 of 1st period - Shot by Noel Acciari.
8:36 of 1st period - Stopped by Alex Starlock without a rebound.
8:37 of 1st period - Tanner Fritz wins face-off versus Michael Chaput in Americans zone.
9:21 of 1st period - Tanner Fritz is hit by Logan O'Connor and loses puck.
9:42 of 1st period - Shot by Chris Wideman.
9:42 of 1st period - Shot Misses the Net.
9:44 of 1st period - Shot by C.J. Smith.
9:44 of 1st period - Shot Misses the Net.
9:47 of 1st period - Stefan Noesen is hit by Andrew Peeke and loses puck.
10:25 of 1st period - Austin Poganski is hit by Matt Lorito and loses puck.
11:03 of 1st period - Icing by Cole Hults.
11:04 of 1st period - Kyle Okposo wins face-off versus Michael Chaput in Americans zone.
11:09 of 1st period - Michael Chaput is hit by Kyle Rau and loses puck.
11:14 of 1st period - Shot by Kyle Rau.
11:14 of 1st period - Shot Misses the Net.
11:27 of 1st period - Sergei Boikov is hit by John Gilmour and loses puck.
12:04 of 1st period - Shot by Riley Tufte.
12:04 of 1st period - Stopped by Andrew D'Agostini with a rebound.
12:39 of 1st period - Icing by Libor Sulak.
12:40 of 1st period - Noel Acciari wins face-off versus Reid Duke in Thunderbirds zone.
12:49 of 1st period - Shot by Cameron Hughes.
12:49 of 1st period - Stopped by Andrew D'Agostini without a rebound.
12:50 of 1st period - Tanner Fritz wins face-off versus Alex Belzile in Thunderbirds zone.
12:51 of 1st period - Shot by Turner Elson.
12:51 of 1st period - Shot Hit the Post.
12:53 of 1st period - Shot by Tanner Fritz .
12:53 of 1st period - Stopped by Andrew D'Agostini with a rebound.
12:55 of 1st period - Shot by Connor Carrick.
12:55 of 1st period - Shot Misses the Net.
12:57 of 1st period - Shot by Turner Elson.
12:57 of 1st period - Shot Blocked by Stuart Percy.
13:39 of 1st period - Shot by Matt Lorito.
13:39 of 1st period - Stopped by Andrew D'Agostini without a rebound.
13:40 of 1st period - Reid Duke wins face-off versus C.J. Smith in Thunderbirds zone.
13:56 of 1st period - Minor Penalty to Noel Acciari for Holding Stick.
13:57 of 1st period - Stefan Noesen wins face-off versus Reid Duke in Thunderbirds zone.
13:57 of 1st period - Stefan Noesen is hit by Matt Lorito.
14:13 of 1st period - Shot by Reid Duke.
14:13 of 1st period - Shot Misses the Net.
14:49 of 1st period - Shot by Turner Elson.
14:49 of 1st period - Stopped by Andrew D'Agostini without a rebound.
14:50 of 1st period - Tanner Fritz wins face-off versus Austin Poganski in Thunderbirds zone.
14:59 of 1st period - Shot by Connor Carrick.
14:59 of 1st period - Stopped by Andrew D'Agostini with a rebound.
15:07 of 1st period - Shot by Turner Elson.
15:07 of 1st period - Shot Misses the Net.
15:09 of 1st period - Shot by Connor Carrick.
15:09 of 1st period - Shot Misses the Net.
15:11 of 1st period - Shot by Andrew Peeke.
15:11 of 1st period - Shot Misses the Net.
15:13 of 1st period - Shot by Connor Carrick.
15:13 of 1st period - Shot Misses the Net.
15:40 of 1st period - Shot by Robbie Russo.
15:40 of 1st period - Stopped by Andrew D'Agostini without a rebound.
15:41 of 1st period - Reid Duke wins face-off versus Stefan Noesen in Thunderbirds zone.
15:53 of 1st period - Off-side.
15:54 of 1st period - Tanner Fritz wins face-off versus Stefan Noesen in neutral zone.
16:11 of 1st period - Shot by John Gilmour.
16:11 of 1st period - Stopped by Andrew D'Agostini without a rebound.
16:12 of 1st period - Noel Acciari wins face-off versus Sean Malone in Thunderbirds zone.
16:25 of 1st period - Off-side.
16:26 of 1st period - Tanner Fritz wins face-off versus Michael Chaput in neutral zone.
17:19 of 1st period - Icing by Turner Elson.
17:20 of 1st period - Tanner Fritz wins face-off versus Noel Acciari in Americans zone.
17:20 of 1st period - Tanner Fritz is hit by C.J. Smith.
17:30 of 1st period - Robbie Russo is hit by Alex Peters and loses puck.
17:47 of 1st period - Icing by Andrew Peeke.
17:48 of 1st period - Reid Duke wins face-off versus Alex Belzile in Americans zone.
18:53 of 1st period - Shot by Sam Anas.
18:53 of 1st period - Shot Misses the Net.
18:55 of 1st period - Shot by Kyle Okposo.
18:55 of 1st period - Stopped by Andrew D'Agostini with a rebound.
19:46 of 1st period - Shot by Sean Malone.
19:46 of 1st period - Goal by Sean Malone - Thunderbirds : 0 - Americans : 1.
19:47 of 1st period - Michael Chaput wins face-off versus Tanner Fritz in neutral zone.
19:47 of 1st period - Michael Chaput is hit by Ross Johnston.
19:50 of 1st period - Off-side.
19:51 of 1st period - Michael Chaput wins face-off versus Tanner Fritz in neutral zone.
Goals for this period are 0 for Thunderbirds vs 1 for Americans.
Shots for this period are 6 for Thunderbirds vs 13 for Americans.

2nd period


0:01 of 2nd period - Noel Acciari wins face-off versus Tanner Fritz in neutral zone.
0:12 of 2nd period - C.J. Smith is hit by Ross Johnston and loses puck.
0:20 of 2nd period - Turner Elson is hit by Chris Wideman.
0:33 of 2nd period - Tanner Fritz is hit by Libor Sulak.
0:40 of 2nd period - Ross Johnston is hit by Libor Sulak.
0:49 of 2nd period - Icing by Chris Wideman.
0:50 of 2nd period - Noel Acciari wins face-off versus Reid Duke in Thunderbirds zone.
0:59 of 2nd period - Shot by Reid Duke.
0:59 of 2nd period - Stopped by Andrew D'Agostini without a rebound.
1:00 of 2nd period - Austin Poganski wins face-off versus Kyle Okposo in Thunderbirds zone.
1:06 of 2nd period - Ryan Lomberg beats up Kyle Okposo.
1:06 of 2nd period - Penalty to Kyle Okposo for Fighting.
1:06 of 2nd period - Penalty to Ryan Lomberg for Fighting.
1:07 of 2nd period - Reid Duke wins face-off versus Alex Belzile in Americans zone.
1:18 of 2nd period - Shot by Robbie Russo.
1:18 of 2nd period - Stopped by Andrew D'Agostini without a rebound.
1:19 of 2nd period - Patrick Brown wins face-off versus Michael Chaput in Thunderbirds zone.
1:54 of 2nd period - Shot by Patrick Brown.
1:54 of 2nd period - Stopped by Andrew D'Agostini without a rebound.
1:55 of 2nd period - Noel Acciari wins face-off versus Tanner Fritz in Thunderbirds zone.
2:07 of 2nd period - Icing by Robbie Russo.
2:08 of 2nd period - Tanner Fritz wins face-off versus Alex Belzile in Americans zone.
2:30 of 2nd period - Shot by Tanner Fritz .
2:30 of 2nd period - Shot Misses the Net.
2:32 of 2nd period - Shot by Tanner Fritz .
2:32 of 2nd period - Deflect By Turner Elson.
2:32 of 2nd period - Stopped by Andrew D'Agostini without a rebound.
2:33 of 2nd period - Stefan Noesen wins face-off versus Reid Duke in Thunderbirds zone.
2:33 of 2nd period - Stefan Noesen is hit by Matt Lorito.
2:51 of 2nd period - Shot by Reid Duke.
2:51 of 2nd period - Shot Blocked by Stefan Noesen.
2:55 of 2nd period - Shot by Matt Lorito.
2:55 of 2nd period - Shot Blocked by Chris Wideman.
2:57 of 2nd period - Shot by Matt Lorito.
2:57 of 2nd period - Stopped by Andrew D'Agostini without a rebound.
2:58 of 2nd period - Patrick Brown wins face-off versus Alex Belzile in Thunderbirds zone.
3:15 of 2nd period - Shot by Austin Poganski.
3:15 of 2nd period - Stopped by Alex Starlock with a rebound.
3:25 of 2nd period - Shot by Austin Poganski.
3:25 of 2nd period - Shot Blocked by Robbie Russo.
4:50 of 2nd period - Shot by Reid Duke.
4:50 of 2nd period - Stopped by Andrew D'Agostini without a rebound.
4:51 of 2nd period - Michael Chaput wins face-off versus Sean Malone in Thunderbirds zone.
4:51 of 2nd period - Michael Chaput is hit by Sean Malone.
4:56 of 2nd period - Sergei Boikov is hit by Robbie Russo and loses puck.
5:02 of 2nd period - Michael Chaput is hit by Robbie Russo and loses puck.
5:11 of 2nd period - Shot by Logan O'Connor.
5:11 of 2nd period - Shot Misses the Net.
5:13 of 2nd period - Shot by Michael Chaput.
5:13 of 2nd period - Goal by Michael Chaput - Thunderbirds : 1 - Americans : 1.
5:14 of 2nd period - Alex Belzile wins face-off versus Cameron Hughes in neutral zone.
5:25 of 2nd period - Shot by Alex Belzile.
5:25 of 2nd period - Shot Misses the Net.
5:28 of 2nd period - Icing by Cole Hults.
5:29 of 2nd period - Stelio Mattheos wins face-off versus Reid Duke in Americans zone.
5:30 of 2nd period - Shot by Stefan Noesen.
5:30 of 2nd period - Shot Blocked by Matt Lorito.
5:48 of 2nd period - Icing by Libor Sulak.
5:49 of 2nd period - Stelio Mattheos wins face-off versus Tanner Fritz in Thunderbirds zone.
5:59 of 2nd period - Shot by Noel Acciari.
5:59 of 2nd period - Shot Misses the Net.
6:01 of 2nd period - Shot by Stelio Mattheos.
6:01 of 2nd period - Shot Misses the Net.
6:05 of 2nd period - Shot by Stelio Mattheos.
6:05 of 2nd period - Shot Hit the Post.
6:07 of 2nd period - Shot by Stelio Mattheos.
6:07 of 2nd period - Shot Misses the Net.
6:09 of 2nd period - Shot by Stefan Noesen.
6:09 of 2nd period - Shot Blocked by Connor Carrick.
6:11 of 2nd period - Shot by Stefan Noesen.
6:11 of 2nd period - Shot Misses the Net.
7:36 of 2nd period - Michael Chaput is hit by Sam Anas and loses puck.
7:48 of 2nd period - Off-side.
7:49 of 2nd period - Noel Acciari wins face-off versus Sean Malone in neutral zone.
7:52 of 2nd period - Shot by Chris Wideman.
7:52 of 2nd period - Stopped by Alex Starlock without a rebound.
7:53 of 2nd period - Kyle Okposo wins face-off versus Noel Acciari in Americans zone.
7:58 of 2nd period - Shot by Sam Anas.
7:58 of 2nd period - Shot Misses the Net.
8:23 of 2nd period - John Gilmour is hit by Noel Acciari and loses puck.
9:11 of 2nd period - Off-side.
9:12 of 2nd period - Alex Belzile wins face-off versus Cameron Hughes in neutral zone.
9:22 of 2nd period - Shot by Cameron Hughes.
9:22 of 2nd period - Stopped by Andrew D'Agostini with a rebound.
9:47 of 2nd period - Icing by Ethan Prow.
9:48 of 2nd period - Reid Duke wins face-off versus Michael Chaput in Americans zone.
9:48 of 2nd period - Reid Duke is hit by Michael Chaput.
9:58 of 2nd period - Shot by Matt Lorito.
9:58 of 2nd period - Shot Misses the Net.
10:00 of 2nd period - Shot by Cameron Hughes.
10:00 of 2nd period - Goal by Cameron Hughes - Thunderbirds : 1 - Americans : 2.
10:01 of 2nd period - Michael Chaput wins face-off versus Tanner Fritz in neutral zone.
11:09 of 2nd period - Shot by Alex Belzile.
11:09 of 2nd period - Goal by Alex Belzile - Thunderbirds : 2 - Americans : 2.
11:10 of 2nd period - Noel Acciari wins face-off versus Reid Duke in neutral zone.
12:33 of 2nd period - Off-side.
12:34 of 2nd period - Ross Johnston wins face-off versus Michael Chaput in neutral zone.
12:46 of 2nd period - Nolan Vesey is hit by Ross Johnston and loses puck.
12:58 of 2nd period - Nolan Vesey is hit by Ross Johnston and loses puck.
13:47 of 2nd period - Shot by Sam Anas.
13:47 of 2nd period - Stopped by Andrew D'Agostini without a rebound.
13:48 of 2nd period - Noel Acciari wins face-off versus Sean Malone in Thunderbirds zone.
14:08 of 2nd period - Shot by Riley Tufte.
14:08 of 2nd period - Shot Misses the Net.
14:27 of 2nd period - Icing by Chris Wideman.
14:28 of 2nd period - Kyle Okposo wins face-off versus Noel Acciari in Thunderbirds zone.
14:51 of 2nd period - Shot by Sam Anas.
14:51 of 2nd period - Stopped by Andrew D'Agostini with a rebound.
14:53 of 2nd period - Shot by Sam Anas.
14:53 of 2nd period - Shot Blocked by Chris Wideman.
14:55 of 2nd period - Shot by Sam Anas.
14:55 of 2nd period - Stopped by Andrew D'Agostini without a rebound.
14:56 of 2nd period - Alex Belzile wins face-off versus Tanner Fritz in Thunderbirds zone.
15:21 of 2nd period - Shot by Turner Elson.
15:21 of 2nd period - Stopped by Andrew D'Agostini with a rebound.
15:35 of 2nd period - Shot by Ross Johnston.
15:35 of 2nd period - Stopped by Andrew D'Agostini without a rebound.
15:36 of 2nd period - Reid Duke wins face-off versus Michael Chaput in Thunderbirds zone.
15:41 of 2nd period - Shot by Reid Duke.
15:41 of 2nd period - Shot Misses the Net.
16:13 of 2nd period - Shot by Michael Chaput.
16:13 of 2nd period - Shot Misses the Net.
16:15 of 2nd period - Shot by Aaron Harstad.
16:15 of 2nd period - Shot Misses the Net.
16:39 of 2nd period - Shot by Chris Wideman.
16:39 of 2nd period - Shot Misses the Net.
16:51 of 2nd period - Shot by Kyle Okposo.
16:51 of 2nd period - Stopped by Andrew D'Agostini with a rebound.
16:53 of 2nd period - Shot by Kyle Rau.
16:53 of 2nd period - Shot Blocked by Chris Wideman.
17:01 of 2nd period - Shot by Andrew Peeke.
17:01 of 2nd period - Shot Misses the Net.
17:03 of 2nd period - Shot by Andrew Peeke.
17:03 of 2nd period - Shot Blocked by Chris Wideman.
17:05 of 2nd period - Shot by Kyle Rau.
17:05 of 2nd period - Stopped by Andrew D'Agostini without a rebound.
17:06 of 2nd period - Tanner Fritz wins face-off versus Alex Belzile in Thunderbirds zone.
17:06 of 2nd period - Tanner Fritz is hit by Alex Peters.
17:12 of 2nd period - Shot by Ross Johnston.
17:12 of 2nd period - Shot Misses the Net.
18:08 of 2nd period - Sean Malone is hit by Ryan Lomberg and loses puck.
18:16 of 2nd period - Minor Penalty to Ryan Lomberg for Cross-checking.
18:17 of 2nd period - Stefan Noesen wins face-off versus Reid Duke in Thunderbirds zone.
18:17 of 2nd period - Noel Acciari is hit by Reid Duke and loses puck.
18:27 of 2nd period - Icing by Cameron Hughes.
18:28 of 2nd period - Reid Duke wins face-off versus Noel Acciari in Americans zone.
18:33 of 2nd period - Stefan Noesen is hit by Matt Lorito and loses puck.
18:39 of 2nd period - Matt Lorito is hit by Chris Wideman and loses puck.
18:50 of 2nd period - Shot by Reid Duke.
18:50 of 2nd period - Stopped by Andrew D'Agostini without a rebound.
18:51 of 2nd period - Tanner Fritz wins face-off versus Stefan Noesen in Thunderbirds zone.
18:56 of 2nd period - Shot by Turner Elson.
18:56 of 2nd period - Stopped by Andrew D'Agostini without a rebound.
18:57 of 2nd period - Stefan Noesen wins face-off versus Tanner Fritz in Thunderbirds zone.
19:02 of 2nd period - Shot by Ethan Prow.
19:02 of 2nd period - Stopped by Andrew D'Agostini without a rebound.
19:03 of 2nd period - Stefan Noesen wins face-off versus Tanner Fritz in Thunderbirds zone.
19:55 of 2nd period - Icing by Andrew Peeke.
19:56 of 2nd period - Reid Duke wins face-off versus Alex Belzile in Americans zone.
Goals for this period are 2 for Thunderbirds vs 1 for Americans.
Shots for this period are 4 for Thunderbirds vs 18 for Americans.

3rd period


0:01 of 3rd period - Stefan Noesen wins face-off versus Turner Elson in neutral zone.
1:18 of 3rd period - Stuart Percy is hit by Andrew Peeke.
1:28 of 3rd period - Shot by Ross Johnston.
1:28 of 3rd period - Shot Misses the Net.
1:34 of 3rd period - Shot by C.J. Smith.
1:34 of 3rd period - Shot Misses the Net.
2:47 of 3rd period - Chris Wideman is hit by Kyle Rau and loses puck.
3:20 of 3rd period - Shot by Reid Duke.
3:20 of 3rd period - Deflect By Cameron Hughes.
3:20 of 3rd period - Shot Misses the Net.
3:22 of 3rd period - Shot by Matt Lorito.
3:22 of 3rd period - Shot Blocked by Chris Wideman.
3:24 of 3rd period - Shot by Reid Duke.
3:24 of 3rd period - Shot Misses the Net.
3:38 of 3rd period - Shot by Reid Duke.
3:38 of 3rd period - Shot Misses the Net.
3:51 of 3rd period - Icing by Connor Carrick.
3:52 of 3rd period - Sean Malone wins face-off versus C.J. Smith in Americans zone.
4:51 of 3rd period - Icing by Nolan Vesey.
4:52 of 3rd period - Michael Chaput wins face-off versus Reid Duke in Thunderbirds zone.
4:52 of 3rd period - Michael Chaput is hit by Cameron Hughes.
5:08 of 3rd period - Shot by Logan O'Connor.
5:08 of 3rd period - Deflect By Nolan Vesey.
5:08 of 3rd period - Shot Hit the Post.
5:25 of 3rd period - Icing by Michael Chaput.
5:26 of 3rd period - Tanner Fritz wins face-off versus Michael Chaput in Thunderbirds zone.
5:35 of 3rd period - Sergei Boikov is hit by Cole Hults and loses puck.
6:08 of 3rd period - Shot by Stefan Noesen.
6:08 of 3rd period - Goal by Stefan Noesen - Thunderbirds : 3 - Americans : 2.
6:09 of 3rd period - Matt Lorito wins face-off versus Alex Belzile in neutral zone.
6:25 of 3rd period - Reid Duke is hit by Chris Wideman and loses puck.
7:20 of 3rd period - Shot by Alex Peters.
7:20 of 3rd period - Stopped by Alex Starlock with a rebound.
7:22 of 3rd period - Shot by Stuart Percy.
7:22 of 3rd period - Shot Blocked by Ethan Prow.
7:24 of 3rd period - Shot by Stefan Noesen.
7:24 of 3rd period - Goal by Stefan Noesen - Thunderbirds : 4 - Americans : 2.
7:24 of 3rd period - Pat Nagle enters game.
7:25 of 3rd period - Tanner Fritz wins face-off versus Michael Chaput in neutral zone.
8:13 of 3rd period - Turner Elson is hit by Libor Sulak and loses puck.
8:17 of 3rd period - Icing by Libor Sulak.
8:18 of 3rd period - Alex Belzile wins face-off versus Kyle Okposo in Thunderbirds zone.
9:09 of 3rd period - Alex Peters is hit by Kyle Rau and loses puck.
9:37 of 3rd period - Shot by Sean Malone.
9:37 of 3rd period - Shot Blocked by Alex Peters.
9:51 of 3rd period - Shot by Sean Malone.
9:51 of 3rd period - Stopped by Andrew D'Agostini without a rebound.
9:52 of 3rd period - Michael Chaput wins face-off versus Reid Duke in Thunderbirds zone.
9:52 of 3rd period - Nolan Vesey is hit by Matt Lorito and loses puck.
10:08 of 3rd period - Icing by Matt Lorito.
10:09 of 3rd period - Reid Duke wins face-off versus Alex Belzile in Americans zone.
10:18 of 3rd period - Shot by Matt Lorito.
10:18 of 3rd period - Shot Blocked by Chris Wideman.
10:20 of 3rd period - Shot by Matt Lorito.
10:20 of 3rd period - Stopped by Andrew D'Agostini without a rebound.
10:21 of 3rd period - Tanner Fritz wins face-off versus Nolan Vesey in Thunderbirds zone.
10:22 of 3rd period - Shot by Ross Johnston.
10:22 of 3rd period - Stopped by Andrew D'Agostini without a rebound.
10:23 of 3rd period - Alex Belzile wins face-off versus Tanner Fritz in Thunderbirds zone.
10:47 of 3rd period - Shot by Tanner Fritz .
10:47 of 3rd period - Stopped by Andrew D'Agostini without a rebound.
10:48 of 3rd period - Noel Acciari wins face-off versus Reid Duke in Thunderbirds zone.
11:08 of 3rd period - Minor Penalty to Alex Peters for Hooking.
11:09 of 3rd period - Stefan Noesen wins face-off versus Tanner Fritz in Thunderbirds zone.
11:15 of 3rd period - Icing by Ross Johnston.
11:16 of 3rd period - Tanner Fritz wins face-off versus Stefan Noesen in Americans zone.
11:30 of 3rd period - Shot by Noel Acciari.
11:30 of 3rd period - Stopped by Pat Nagle with a rebound.
11:44 of 3rd period - Shot by Ross Johnston.
11:44 of 3rd period - Shot Blocked by Stuart Percy.
12:21 of 3rd period - Shot by Reid Duke.
12:21 of 3rd period - Shot Misses the Net.
12:27 of 3rd period - Shot by Matt Lorito.
12:27 of 3rd period - Shot Misses the Net.
12:31 of 3rd period - Shot by Robbie Russo.
12:31 of 3rd period - Stopped by Andrew D'Agostini without a rebound.
12:32 of 3rd period - Austin Poganski wins face-off versus Tanner Fritz in Thunderbirds zone.
12:57 of 3rd period - Shot by Turner Elson.
12:57 of 3rd period - Stopped by Andrew D'Agostini without a rebound.
12:58 of 3rd period - Reid Duke wins face-off versus Stefan Noesen in Thunderbirds zone.
12:59 of 3rd period - Shot by Matt Lorito.
12:59 of 3rd period - Stopped by Andrew D'Agostini with a rebound.
13:01 of 3rd period - Shot by Cameron Hughes.
13:01 of 3rd period - Shot Misses the Net.
13:03 of 3rd period - Shot by Ethan Prow.
13:03 of 3rd period - Shot Misses the Net.
13:05 of 3rd period - Shot by Robbie Russo.
13:05 of 3rd period - Shot Misses the Net.
13:07 of 3rd period - Shot by Matt Lorito.
13:07 of 3rd period - Stopped by Andrew D'Agostini with a rebound.
13:27 of 3rd period - Shot by Kyle Okposo.
13:27 of 3rd period - Stopped by Andrew D'Agostini without a rebound.
13:28 of 3rd period - Reid Duke wins face-off versus Alex Belzile in Thunderbirds zone.
13:59 of 3rd period - Shot by Reid Duke.
13:59 of 3rd period - Shot Misses the Net.
14:14 of 3rd period - Off-side.
14:15 of 3rd period - Noel Acciari wins face-off versus Tanner Fritz in neutral zone.
14:21 of 3rd period - Shot by Noel Acciari.
14:21 of 3rd period - Stopped by Pat Nagle without a rebound.
14:22 of 3rd period - Tanner Fritz wins face-off versus Noel Acciari in Americans zone.
14:22 of 3rd period - Tanner Fritz is hit by Noel Acciari.
14:25 of 3rd period - Icing by Connor Carrick.
14:26 of 3rd period - Noel Acciari wins face-off versus Tanner Fritz in Americans zone.
14:28 of 3rd period - C.J. Smith is hit by Andrew Peeke and loses puck.
14:36 of 3rd period - C.J. Smith is hit by Connor Carrick and loses puck.
14:43 of 3rd period - Noel Acciari is hit by Ross Johnston and loses puck.
14:58 of 3rd period - Shot by Ross Johnston.
14:58 of 3rd period - Deflect By Tanner Fritz .
14:58 of 3rd period - Stopped by Andrew D'Agostini without a rebound.
14:59 of 3rd period - Reid Duke wins face-off versus Alex Belzile in Thunderbirds zone.
14:59 of 3rd period - Ethan Prow is hit by Sergei Boikov and loses puck.
15:02 of 3rd period - Shot by Cameron Hughes.
15:02 of 3rd period - Deflect By Reid Duke.
15:02 of 3rd period - Stopped by Andrew D'Agostini without a rebound.
15:03 of 3rd period - Reid Duke wins face-off versus Alex Belzile in Thunderbirds zone.
15:22 of 3rd period - Shot by Cameron Hughes.
15:22 of 3rd period - Shot Misses the Net.
16:02 of 3rd period - Minor Penalty to Chris Wideman for Hooking.
16:03 of 3rd period - Stefan Noesen wins face-off versus Tanner Fritz in Thunderbirds zone.
16:24 of 3rd period - Shot by Connor Carrick.
16:24 of 3rd period - Stopped by Andrew D'Agostini without a rebound.
16:25 of 3rd period - Stefan Noesen wins face-off versus Ross Johnston in Thunderbirds zone.
16:25 of 3rd period - Stefan Noesen is hit by Ross Johnston.
17:07 of 3rd period - Shot by Reid Duke.
17:07 of 3rd period - Stopped by Andrew D'Agostini without a rebound.
17:08 of 3rd period - Reid Duke wins face-off versus Alex Belzile in Thunderbirds zone.
17:24 of 3rd period - Reid Duke is hit by Aaron Harstad and loses puck.
18:11 of 3rd period - Chris Wideman is hit by Kyle Okposo.
18:29 of 3rd period - Shot by Nolan Vesey.
18:29 of 3rd period - Shot Misses the Net.
18:31 of 3rd period - Shot by Nolan Vesey.
18:31 of 3rd period - Stopped by Pat Nagle with a rebound.
18:33 of 3rd period - Shot by Logan O'Connor.
18:33 of 3rd period - Shot Misses the Net.
19:05 of 3rd period - Shot by Ryan Lomberg.
19:05 of 3rd period - Shot Blocked by Cole Hults.
19:07 of 3rd period - Shot by Austin Poganski.
19:07 of 3rd period - Stopped by Pat Nagle with a rebound.
19:40 of 3rd period - John Gilmour is hit by Chris Wideman and loses puck.
Goals for this period are 2 for Thunderbirds vs 0 for Americans.
Shots for this period are 7 for Thunderbirds vs 13 for Americans.